 Dungeon Crawl Stone Soup version 0.27.1-33-g824d729ab1 (webtiles) character file.

Game seed: 3781507603094066846

45 MisterFreud the Chopper (level 3, 0/31 HPs)
             Began as a Hill Orc Abyssal Knight on Dec 30, 2021.
             Was a Follower of Lugonu.
             Slain by a worm (10 damage)
             ... on level 2 of the Dungeon.
             The game lasted 00:01:49 (1678 turns).

MisterFreud the Chopper (Hill Orc Abyssal Knight)   Turns: 1678, Time: 00:01:49

Health: 0/31       AC:  3    Str: 15    XL:     3   Next: 64%
Magic:  4/4        EV:  8    Int: 12    God:    Lugonu [*.....]
Gold:   57         SH:  9    Dex: 10    Spells: 2/2 levels left

rFire    . . .     SeeInvis .   a - +1 hand axe
rCold    . . .     Faith    .   h - +2 kite shield
rNeg     . . .     Spirit   .   b - +0 leather armour
rPois    .         Reflect  .   (no helmet)
rElec    .         Harm     .   (no cloak)
rCorr    .         Rampage  .   (no gloves)
Will     .....                  (no boots)
Stlth    +.........             (no amulet)
HPRegen  0.10/turn              (no ring)
MPRegen  0.09/turn              (no ring)

@: no status effects
A: no striking features
a: Renounce Religion, Depart the Abyss


You were on level 2 of the Dungeon.
You worshipped Lugonu.
Lugonu was aware of your devotion.
You visited 1 branch of the dungeon, and saw 2 of its levels.
You visited the Abyss 1 time.

You collected 57 gold pieces.

Inventory:

Hand Weapons
 a - a +1 hand axe (weapon)
Armour
 b - a +0 leather armour (worn)
 h - a +2 kite shield (worn)
Scrolls
 e - a scroll of teleportation {unknown}
 f - a scroll of fog {unknown}
 g - a scroll of identify {unknown}
 i - a scroll of amnesia {unknown}
Potions
 c - a potion of curing {unknown}
 d - a potion of mutation {unknown}


   Skills:
 - Level 3.6 Fighting
 + Level 5.1 Axes
 - Level 2.1 Armour
 - Level 0.7 Dodging
 + Level 0.2 Shields
 - Level 2.4 Invocations


You had 2 spell levels left.
You didn't know any spells.
Your spell library contained the following spells:

 Spells                   Type           Power      Damage    Failure   Level
 Ensorcelled Hibernation  Hex/Ice        0%         N/A       99%         2
 Frozen Ramparts          Ice            0%         1d2       100%        3
 Spider Form              Tmut/Pois      0%         N/A       100%        3
 Ice Form                 Ice/Tmut       0%         N/A       100%        4
 Summon Ice Beast         Ice/Summ       0%         N/A       100%        4
 Shadow Creatures         Summ           N/A        N/A       100%        6


Dungeon Overview and Level Annotations

Branches:
Dungeon (2/15)

Altars:

Shops:
D:1 *


Message History

You hit the worm.
The worm is lightly wounded.
You hit the worm but do no damage.
The worm is lightly wounded.
You block the worm's attack.
You hit the worm but do no damage.
The worm is lightly wounded.
The worm closely misses you.
You barely miss the worm.
The worm is lightly wounded.
The worm bites you but does no damage.
You hit the worm.
The worm is moderately wounded.
The worm bites you.
You slash the worm!
The worm is severely wounded.
You completely miss the worm.
The worm is severely wounded.
The worm barely misses you.
You hit the worm.
The worm is severely wounded.
The worm bites you!
You completely miss the worm.
The worm is severely wounded.
The worm bites you.
You are too injured to fight recklessly!
You are too injured to fight recklessly!
You hit the worm.
The worm is severely wounded.
The worm bites you.
* * * LOW HITPOINT WARNING * * *
You hit the worm.
The worm is almost dead.
You block the worm's attack.
You barely miss the worm.
The worm is almost dead.
You hit the worm.
The worm is almost dead.
The worm bites you!
You die...

.... #.### ##.#
#.#.. #.#.#
#####.#.######
?............# +#
.............# #.
......w......# #.
#@# ## #.# # #.#
##
#.###############.
#........>.....##.
##############.#+#
#######.# .
........#..
#######.#.#


You could see a worm.

Vanquished Creatures
  4 endoplasms
  4 giant cockroaches
  2 goblins (D:1)
  6 hobgoblins (D:1)
  5 jackals
  2 quokkas (D:1)
  2 ball pythons (D:1)
  2 bats (D:1)
  2 frilled lizards
  7 kobolds (D:1)
  2 rats (D:1)
38 creatures vanquished.

Notes
Turn   | Place    | Note
-------+----------+-------------------------------------------
     0 | Abyss:1  | MisterFreud the Hill Orc Abyssal Knight began the quest for
                  | the Orb.
     0 | Abyss:1  | Reached XP level 1. HP: 19/19 MP: 2/2
    55 | Abyss:1  | Noticed a sixfirhy
    56 | D:1      | Escaped the Abyss
   101 | D:1      | Found Fiadyeso's General Store.
   125 | D:1      | Reached skill level 3 in Axes
   140 | D:1      | Reached * piety under Lugonu
   145 | D:1      | Reached XP level 2. HP: 18/26 MP: 3/3
   188 | D:1      | Reached skill level 4 in Axes
   741 | D:1      | Reached XP level 3. HP: 26/31 MP: 4/4
  1122 | D:1      | Reached skill level 5 in Axes
  1405 | D:2      | Found a faded altar of an unknown god.
  1678 | D:2      | Slain by a worm

Illustrated notes

Levels and vault maps discovered:
D:1:      lemuel_arrival_hallway, layout_basic, serial_shops, shop
D:2:      layout_basic, hellmonk_ecumenical_altar_slurped_away, fountainhead,
          supply_closet_lemuel

Skill      XL: |  1  2  3 |
---------------+----------+-----
Axes           | 3 4 5 |  5.1
Fighting       | |  3.6
Armour         | |  2.1
Dodging        | |  0.7
Shields        | |  0.2
Invocations    | |  2.4

Action                   || total
-------------------------++-------
Melee: Hand axe          ||   132
Invok: Depart the Abyss  ||     1
Armor: Leather armour    ||    44
Dodge: Dodged            ||    68
Block: Kite shield       ||     2
